 Dungeon Crawl Stone Soup version 0.26.0-10-g1f06aea511 (webtiles) character file.

Game seed: 10384682133085565547

7 Borgoz the Slasher (level 2, 0/25 HPs)
             Began as a Ghoul Gladiator on Jan 15, 2021.
             Slain by a hobgoblin (4 damage)
             ... on level 1 of the Dungeon.
             The game lasted 00:00:14 (69 turns).

Borgoz the Slasher (Ghoul Gladiator)                  Turns: 69, Time: 00:00:15

Health: 0/25       AC:  4    Str: 17    XL:     2   Next: 0%
Magic:  1/1        EV: 12    Int:  3    God:
Gold:   0          SH:  0    Dex: 10    Spells: 1/1 levels left

rFire    . . .     SeeInvis .   a - +0 long sword
rCold    + . .     Faith    .   (no shield)
rNeg     + + +     Spirit   .   b - +0 leather armour
rPois    ∞         Reflect  .   c - +0 helmet
rElec    .         Harm     .   (no cloak)
rCorr    .         Rampage  .   (no gloves)
Will     .....                  (no boots)
Stlth    +.........             (no amulet)
HPRegen  0.00/turn              (no ring)
MPRegen  0.07/turn              (no ring)

@: no status effects
A: claws 1, cold resistance 1, negative energy resistance 3, inhibited
regeneration, torment resistance, unbreathing
a: no special abilities


You were on level 1 of the Dungeon.
You visited 1 branch of the dungeon, and saw 1 of its levels.

Inventory:

Hand Weapons
 a - a +0 long sword (weapon)
Missiles
 d - a throwing net (quivered)
Armour
 b - a +0 leather armour (worn)
 c - a +0 helmet (worn)


   Skills:
 + Level 2.3 Fighting
 * Level 2.9 Long Blades
 - Level 1.7 Throwing
 + Level 0.3 Armour
 + Level 2.8 Dodging


You had one spell level left.
You didn't know any spells.
Your spell library was empty.

Dungeon Overview and Level Annotations

Branches:
Dungeon (1/15)

Altars:


Innate Abilities, Weirdness & Mutations

You thrive by killing the living.
You are immune to poison.
You have sharp fingernails.
Your flesh is cold resistant. (rC+)
You are immune to negative energy. (rN+++)
You do not regenerate when monsters are visible.
You are immune to unholy pain and torment.
You can survive without breathing.


Message History

Aim: a gnoll, wielding a +0 spear You throw a throwing net.
The throwing net barely misses the gnoll.
The hobgoblin closely misses you.
The gnoll hits you from afar with a +0 spear.
* * * LOW HITPOINT WARNING * * *
Throw: 2 throwing nets
Press: ? - help, Q - select action Shift-Dir - straight line, f/p - gnoll
Aim: a gnoll, wielding a +0 spear You throw a throwing net.
The throwing net hits the gnoll.
The gnoll is caught in the net!
The hobgoblin barely misses you.
You riposte.
You barely miss the hobgoblin.
The gnoll struggles against the net.
The hobgoblin hits you.
* * * LOW HITPOINT WARNING * * *
Things that are here:
a +0 club; a hobgoblin corpse You hit the gnoll.
The gnoll is heavily wounded.
The gnoll struggles against the net.
The hobgoblin hits you.
You die...

#.....##.# #.#
#.....##.# #..
####......#.# #..
#.......#...+
....
#.......#...# ...
#......##...#
####..†...# ...#
........†.# #>#
?.......g@.#
..........g.....#
##########......#
......# ...(..#
#####.# #


You could see a gnoll (caught) and a hobgoblin.

Vanquished Creatures
  A dart slug (D:1)
  A giant cockroach (D:1)
  A hobgoblin (D:1)
  A kobold (D:1)
4 creatures vanquished.

Notes
Turn   | Place    | Note
-------+----------+-------------------------------------------
     0 | D:1      | Borgoz the Ghoul Gladiator began the quest for the Orb.
     0 | D:1      | Reached XP level 1. HP: 17/17 MP: 0/0
     2 | D:1      | Noticed a vampire
     2 | D:1      | Noticed an elf
     4 | D:1      | Noticed a felid
     4 | D:1      | Noticed a gargoyle
     6 | D:1      | Noticed a vine stalker
     6 | D:1      | Noticed a demigod
     8 | D:1      | Noticed a draconian
     8 | D:1      | Noticed an octopode
    10 | D:1      | Noticed an ogre
    10 | D:1      | Noticed a human
    12 | D:1      | Noticed a centaur
    14 | D:1      | Noticed a ghoul
    14 | D:1      | Noticed a spriggan
    16 | D:1      | Noticed a halfling
    16 | D:1      | Noticed a formicid
    18 | D:1      | Noticed a merfolk
    18 | D:1      | Noticed a troll
    20 | D:1      | Noticed a minotaur
    22 | D:1      | Noticed a tengu
    24 | D:1      | Noticed a dwarf
    26 | D:1      | Noticed a naga
    26 | D:1      | Noticed a demonspawn
    66 | D:1      | Reached XP level 2. HP: 8/25 MP: 1/1
    69 | D:1      | Slain by a hobgoblin

Illustrated notes

Levels and vault maps discovered:
D:1:      kb_arrival_jail, layout_basic

Action                   || total
-------------------------++-------
Melee: Long sword        ||     8
Throw: Throwing net      ||     2
Dodge: Dodged            ||    12
       Rpst.: Long sword ||     4
